 Dungeon Crawl Stone Soup version 0.21.1-1-g345015fe64 (webtiles) character file.

257 Psiweapon the Chucker (level 6, -10/62 HPs)
             Began as an Ogre Hunter on Jan 19, 2018.
             Killed by divine providence
             ... invoked by an orc priest
              (12 damage)
             ... on level 3 of the Dungeon on Feb 21, 2018.
             The game lasted 00:11:18 (3332 turns).

Psiweapon the Chucker (Ogre Hunter)                 Turns: 3332, Time: 00:11:19

Health: -10/62     AC:  6    Str: 17    XL:     6   Next: 16%
Magic:  6/6        EV: 10    Int: 12    God:
Gold:   138        SH:  0    Dex: 11    Spells: 5/5 levels left

rFire    . . .     SeeInvis .   l - +0 trident (vamp)
rCold    . . .     Gourm    .   (no shield)
rNeg     . . .     Faith    .   b - +0 robe
rPois    .         Spirit   .   (helmet restricted)
rElec    .         Reflect  .   (no cloak)
rCorr    .         Harm     .   (gloves unavailable)
MR       .....                  (boots unavailable)
Stlth    ++........             (no amulet)
HPRegen  0.20/turn              o - +3 ring of protection
MPRegen  0.10/turn              (no ring)

@: no status effects
A: large, unfitting armour, tough skin 1
a: no special abilities


You were on level 3 of the Dungeon.
You were not hungry.

You visited 1 branch of the dungeon, and saw 3 of its levels.

You collected 138 gold pieces.

Inventory:

Hand Weapons
 a - a +0 short sword
 e - a +0 spear
 i - a +0 whip
 k - a +0 hunting sling
 l - a +0 vampiric trident (weapon)
Missiles
 c - a large rock (quivered)
 d - 2 throwing nets
 j - 56 stones
Armour
 b - a +0 robe (worn)
Jewellery
 o - a +3 ring of protection (left hand)
Scrolls
 h - a scroll of enchant armour {unknown}
 m - 3 scrolls of identify {unknown}
 n - a scroll of teleportation {unknown}
 q - a scroll of enchant weapon {unknown}
 r - a scroll of fog {unknown}
Potions
 g - a potion of flight {unknown}
 p - 2 potions of mutation {unknown}
Comestibles
 f - 8 rations


   Skills:
 + Level 4.0 Fighting
 + Level 0.8 Short Blades
 + Level 3.0 Polearms
 + Level 4.8 Throwing
 + Level 3.0 Dodging
 + Level 1.4 Stealth


You had 5 spell levels left.
You didn't know any spells.

Dungeon Overview and Level Annotations

Branches:
Dungeon (3/15)

Altars:
Qazlal
Yredelemnul


Innate Abilities, Weirdness & Mutations

You are too large for most types of armour.
You have tough skin. (AC +1)


Message History

Beogh smites you!
* * * LOW HITPOINT WARNING * * *
You hit the orc priest but do no damage.
The orc priest is heavily wounded.
The orc priest hits you with a dagger.
* * * LOW HITPOINT WARNING * * *
You puncture the orc priest!
You feel better.
The orc priest is almost dead.
The orc priest hits you with a dagger.
* * * LOW HITPOINT WARNING * * *
You barely miss the orc priest.
The orc priest is almost dead.
The orc priest looks braver for a moment.
You hit the orc priest but do no damage.
The orc priest is almost dead.
The orc priest looks satisfied for a moment.
The orc priest casts a cantrip, but nothing happens.
The orc priest mumbles some strange prayers to Beogh against you.
Beogh smites you!
You die...

#.# #.###......#8..P#
#..#.........P8.#
.##.####.......)....###
................<####
###.#####.######## #
#.# ... #.#
###..#####.#
.(..ooo@...#
.##..####### ... .


You could see 2 orc priests and an orc.

Vanquished Creatures
  A bullfrog zombie (D:3)
  4 orc priests
  4 adders
  An ooze (D:1)
  An adder skeleton (D:3)
  An adder zombie (D:3)
  A dart slug (D:1)
  3 leopard geckos
  7 orcs
  A ball python (D:2)
  8 bats
  3 giant cockroaches
  A goblin (D:1)
  4 hobgoblins
  5 kobolds
  6 frilled lizards
  A jackal skeleton (D:3)
  A jackal zombie (D:3)
  A leopard gecko skeleton (D:3)
  7 rats
61 creatures vanquished.

Notes
Turn   | Place    | Note
-------+----------+-------------------------------------------
     0 | D:1      | Psiweapon the Ogre Hunter began the quest for the Orb.
     0 | D:1      | Reached XP level 1. HP: 22/22 MP: 1/1
   188 | D:1      | Reached XP level 2. HP: 11/29 MP: 2/2
  1074 | D:2      | Found a stormy altar of Qazlal.
  1117 | D:2      | Reached XP level 3. HP: 14/37 MP: 3/3
  1945 | D:2      | Reached XP level 4. HP: 37/45 MP: 4/4
  2234 | D:3      | Reached skill level 1 in Stealth
  2253 | D:3      | Reached skill level 1 in Polearms
  2315 | D:2      | Reached XP level 5. HP: 15/53 MP: 5/5
  2593 | D:3      | Upgraded the game from 0.21.0-24-g2553a3340b to 0.21.1-1-g345015fe64
  3071 | D:3      | Found a basalt altar of Yredelemnul.
  3093 | D:3      | Reached XP level 6. HP: 24/62 MP: 6/6
  3330 | D:3      | HP: 2/62 [orc priest/dagger (3)]
  3332 | D:3      | Killed from afar by an orc priest

Skill      XL: |  1  2  3  4  5  6 |
---------------+-------------------+-----
Fighting       | 3 4 |  4.0
Dodging        | 2 3 |  3.0
Stealth        | 1 |  1.4
Polearms       | 1 2 3 |  3.0
Short Blades   | |  0.8
Throwing       | |  4.8

Action                   |  1- 3 |  4- 6 || total
-------------------------+-------+-------++-------
Melee: Short sword       |    57 |       ||    57
       Spear             |    98 |    91 ||   189
       Trident           |       |    38 ||    38
Throw: Stone             |     7 |       ||     7
       Large rock        |       |    11 ||    11
  Eat: Chunk             |     3 |     4 ||     7
       Ration            |       |     2 ||     2
Armor: Robe              |    71 |    63 ||   134
Dodge: Dodged            |   111 |    68 ||   179
